 Dungeon Crawl Stone Soup version 0.22-a0-542-gce4f928 (webtiles) character file.

2321 vierth the Protected (level 9, -7/81 HPs)
             Began as a Minotaur Fighter on June 24, 2018.
             Was an Initiate of Trog.
             Mangled by a warg (9 damage)
             ... on level 7 of the Dungeon.
             The game lasted 00:13:27 (5569 turns).

vierth the Protected (Minotaur Fighter)             Turns: 5569, Time: 00:13:28

Health: -7/81      AC: 12    Str: 24    XL:     9   Next: 19%
Magic:  8/8        EV:  7    Int:  5    God:    Trog [......]
Gold:   463        SH: 11    Dex: 10    Spells: 8/8 levels left

rFire    . . .     SeeInvis .   a - +0 war axe
rCold    . . .     Gourm    .   c - +0 shield
rNeg     . . .     Faith    .   A - +0 chain mail
rPois    .         Spirit   .   (helmet restricted)
rElec    .         Reflect  .   (no cloak)
rCorr    .         Harm     .   i - +0 pair of gloves
MR       .....                  (no boots)
Stlth    ..........             (no amulet)
HPRegen  0.23/turn              (no ring)
MPRegen  0.11/turn              C - ring of stealth

@: no status effects
A: retaliatory headbutt, horns 2
a: Renounce Religion


You were on level 7 of the Dungeon.
You worshipped Trog.
Trog was noncommittal.
You were not hungry.

You visited 2 branches of the dungeon, and saw 9 of its levels.

You collected 463 gold pieces.

Inventory:

Hand Weapons
 a - a +0 war axe (weapon)
 F - a +0 mace
Armour
 c - a +0 shield (worn)
 i - a +0 pair of gloves (worn)
 A - a +0 chain mail (worn)
Jewellery
 v - an uncursed ring of protection from fire
 C - a ring of stealth (right hand)
Wands
 b - a wand of polymorph (11)
 n - a wand of flame (63)
 w - a wand of paralysis (15)
 B - a wand of clouds (6)
Scrolls
 e - 4 scrolls of magic mapping {unknown}
 h - 5 scrolls of identify
 k - a scroll of remove curse
 l - 2 scrolls of enchant weapon {unknown}
 m - a scroll of amnesia {unknown}
 q - a scroll of fog {unknown}
 r - 3 scrolls of blinking {unknown}
 s - 2 scrolls of teleportation {unknown}
 y - a scroll of immolation {unknown}
Potions
 d - 3 potions of might
 g - 4 potions of haste
 j - a potion of resistance {unknown}
 o - 3 potions of brilliance {unknown}
 p - 2 potions of mutation {unknown}
 t - a potion of invisibility {unknown}
 u - 3 potions of berserk rage
 x - 3 potions of curing {unknown}
 z - a potion of flight {unknown}
 D - a potion of cancellation {unknown}
Comestibles
 f - 2 rations


   Skills:
 + Level 8.3 Fighting
 + Level 7.7 Axes
 + Level 8.3 Armour
 + Level 8.2 Shields


You had 8 spell levels left.
You didn't know any spells.
Your spell library was empty.

Dungeon Overview and Level Annotations

Branches:
Dungeon (8/15)             Temple (1/1) D:7            Lair (0/6) D:8

Altars:
Ashenzari
Cheibriados
Dithmenos
Elyvilon
Fedhas
Gozag
Hepliaklqana
Makhleb
Nemelex Xobeh
Okawaru
Qazlal
Ru
Sif Muna
Trog
Uskayaw
Vehumet
Wu Jian
Xom
Yredelemnul
Zin
The Shining One

Annotations:
D:8 Gastronok


Innate Abilities, Weirdness & Mutations

You reflexively headbutt those who attack you in melee.
You have a pair of horns on your head.


Message History

The warg is lightly wounded.
You block the warg's attack.
You closely miss the warg.
You headbutt the warg, but do no damage.
The warg is lightly wounded.
The warg bites you.
* * * LOW HITPOINT WARNING * * *
The warg barely misses you.
You hit the warg but do no damage. You headbutt the warg!
The warg is heavily wounded.
You block the warg's attack.
You completely miss the warg.
The warg is heavily wounded.
The warg bites you!
* * * LOW HITPOINT WARNING * * *
The warg bites you but does no damage.
You hit the warg but do no damage.
The warg is heavily wounded.
You block the warg's attack. The warg bites you!
You die...

#.....##.......#.......#...
#.....##.......#.##########
#.....##.......#...#####
#.....###..###.#.......#
####### #....#.......#.# ##
##.#.#.....#.#.###.
#.#.#.#.#...#.....
#h#.#...#.#######.
#@#.....#.........
#†#.......########
#.#.......# #.##.#.##.#
#....#....# #.#######.# ###
###


You could see a warg.

Vanquished Creatures
  Sigmund (D:2)
  A warg (D:7)
  2 ice beasts
  An orc warrior (D:7)
  2 phantoms
  A sky beast (D:5)
  An ogre (D:4)
  A centaur (D:5)
  A bullfrog (D:6)
  A wyvern skeleton (D:7)
  3 scorpions
  2 howler monkeys
  4 crimson imps
  5 hounds
  A jelly (D:5)
  A gnoll shaman (D:6)
  An orc priest (D:8)
  Jessica (D:2)
  4 worker ants
  Natasha (thrice) (D:3)
  An iguana (D:7)
  4 orc wizards
  2 hound skeletons
  A worker ant zombie (D:6)
  8 gnolls
  6 adders
  4 worms
  A dart slug (D:1)
  7 leopard geckos
  15 orcs
  A ball python (D:4)
  4 giant cockroaches
  11 hobgoblins
  3 jackals (D:4)
  3 quokkas
  6 bats
  6 frilled lizards
  A giant cockroach zombie (D:5)
  13 goblins
  7 kobolds
  2 quokka zombies
  12 rats
155 creatures vanquished.

Notes
Turn   | Place    | Note
-------+----------+-------------------------------------------
     0 | D:1      | vierth the Minotaur Fighter began the quest for the Orb.
     0 | D:1      | Reached XP level 1. HP: 19/19 MP: 0/0
   163 | D:1      | Reached XP level 2. HP: 27/27 MP: 1/1
   715 | D:2      | Reached XP level 3. HP: 33/33 MP: 2/2
   946 | D:2      | Noticed Jessica
   951 | D:2      | Killed Jessica
   951 | D:2      | Reached XP level 4. HP: 34/41 MP: 3/3
  1160 | D:2      | Noticed Sigmund
  1173 | D:2      | Killed Sigmund
  1173 | D:2      | Reached skill level 5 in Fighting
  1173 | D:2      | Reached skill level 5 in Armour
  1173 | D:2      | Reached skill level 5 in Shields
  1173 | D:2      | Reached XP level 5. HP: 21/48 MP: 4/4
  1665 | D:2      | Found a glowing golden altar of the Shining One.
  1799 | D:3      | Reached XP level 6. HP: 55/56 MP: 5/5
  2037 | D:3      | Noticed Natasha
  2040 | D:3      | Killed Natasha
  2387 | D:3      | Noticed Natasha
  2395 | D:3      | Killed Natasha
  2423 | D:3      | Noticed Natasha
  2432 | D:3      | Killed Natasha
  2775 | D:4      | Reached skill level 5 in Axes
  2775 | D:4      | Reached XP level 7. HP: 58/62 MP: 6/6
  3527 | D:5      | Entered Level 5 of the Dungeon
  3599 | D:5      | Reached XP level 8. HP: 62/71 MP: 7/7
  4136 | D:5      | Found an opulent altar of Gozag.
  5146 | D:7      | Reached XP level 9. HP: 81/81 MP: 8/8
  5168 | D:7      | Found a staircase to the Ecumenical Temple.
  5174 | Temple   | Entered the Ecumenical Temple
  5215 | Temple   | Became a worshipper of Trog the Wrathful
  5551 | D:8      | Noticed Gastronok
  5552 | D:8      | Found a staircase to the Lair.
  5568 | D:7      | HP: 1/81 [warg (12)]
  5569 | D:7      | Mangled by a warg

Vault maps used:
D:1:      lightli_arrival_flooded_house
D:2:      nicolae_tso_swordbearing_angel, uniq_sigmund, uniq_jessica
D:3:      serial_co_window_serial, co_window_corner_a, co_window_corner_a,
          co_window_paths_a, co_window_paths_b, co_window_corner_a,
          co_window_of_opportunity_a, co_window_corner_cb, co_window_corner_b,
          co_window_2corner, glass_columns_a, first_ration,
          grunt_decor_resistance, uniq_natasha
D:4:      cheibrodos_greedy_goblins, minivault_25, minmay_bent
D:5:      wad_crossroads, lemuel_crystal_altar
D:7:      minmay_temple_entry_enclosed_plants, gammafunk_ghost_grave
D:8:      erik_lair_orcish_takeover, basic_loot_grate_trap, david_nohive_1,
          uniq_gastronok
Temple:   regret_index_temple_chain_breaker

Skill      XL: |  1  2  3  4  5  6  7  8  9 |
---------------+----------------------------+-----
Fighting       | 4 5 6 8 |  8.3
Shields        | 4 5 6 7 8 |  8.2
Armour         | 4 5 6 8 |  8.3
Axes           | 3 4 5 7 |  7.7

Action                   |  1- 3 |  4- 6 |  7- 9 || total
-------------------------+-------+-------+-------++-------
Melee: War axe           |    78 |   110 |   257 ||   445
       Headbutt          |    15 |    19 |    33 ||    67
  Use: Scroll            |       |     2 |     3 ||     5
  Eat: Ration            |       |     2 |     3 ||     5
Armor: Scale mail        |    32 |    40 |    61 ||   133
       Chain mail        |       |       |    24 ||    24
Dodge: Dodged            |    22 |    29 |    52 ||   103
Block: Shield            |    43 |    53 |   138 ||   234

Table legend:
 A = Spawn XP
 B = Non-spawn XP
 C = Spawn XP percentage of total XP
 D = Spawn monster count
 E = Non-spawn monster count
 F = Spawn count percentage of total count
 G = Total turns spent on level
                    A         B        C        D         E        F      G
               +---------+---------+-------+---------+---------+-------+---------
         Total |       0 |    3317 |   0.0 |       0 |     155 |   0.0 |  5569
               +---------+---------+-------+---------+---------+-------+---------
           D:1 |       0 |      39 |   0.0 |       0 |      24 |   0.0 |   707
           D:2 |       0 |     329 |   0.0 |       0 |      28 |   0.0 |  1066
           D:3 |       0 |     304 |   0.0 |       0 |      25 |   0.0 |   853
           D:4 |       0 |     640 |   0.0 |       0 |      27 |   0.0 |   901
           D:5 |       0 |     883 |   0.0 |       0 |      24 |   0.0 |   905
           D:6 |       0 |     345 |   0.0 |       0 |      12 |   0.0 |   554
           D:7 |       0 |     733 |   0.0 |       0 |      13 |   0.0 |   415
           D:8 |       0 |      44 |   0.0 |       0 |       2 |   0.0 |    17
               +---------+---------+-------+---------+---------+-------+---------
